 Dungeon Crawl Stone Soup version 0.22-a0-392-g5dc3fd9 (webtiles) character file.

98 varam the Ruffian (level 4, -1/44 HPs)
             Began as a Troll Monk on May 1, 2018.
             Killed from afar by an orc wizard (5 damage)
             ... with a puff of flame
             ... on level 2 of the Dungeon.
             The game lasted 00:03:05 (1408 turns).

varam the Ruffian (Troll Monk)                      Turns: 1408, Time: 00:03:06

Health: -1/44      AC:  5    Str: 19    XL:     4   Next: 44%
Magic:  3/3        EV: 10    Int:  7    God:
Gold:   68         SH:  0    Dex: 12    Spells: 3/3 levels left

rFire    + . .     SeeInvis .     - Unarmed
rCold    + . .     Gourm    +   (no shield)
rNeg     . . .     Faith    .   a - +0 robe
rPois    +         Spirit   .   (helmet restricted)
rElec    +         Reflect  .   (no cloak)
rCorr    +         Harm     .   (gloves unavailable)
MR       .....                  (boots unavailable)
Stlth    ++........             (no amulet)
HPRegen  0.54/turn              (no ring)
MPRegen  0.08/turn              (no ring)

@: resistant, hasted, very quick
A: large, unfitting armour, claws 3, fast metabolism 3, gourmand, regeneration
1, shaggy fur 1, tough skin 2
a: no special abilities


You were on level 2 of the Dungeon.
You were very full.

You visited 1 branch of the dungeon, and saw 2 of its levels.

You collected 68 gold pieces.

Inventory:

Armour
 a - a +0 robe (worn)
Scrolls
 d - a scroll of noise
 f - 2 scrolls of identify {@r1}
 g - 2 scrolls of fear {unknown}
 i - a scroll of blinking {unknown}
Comestibles
 e - 6 rations


   Skills:
 - Level 2.4 Fighting
 - Level 2.4 Dodging
 - Level 1.0 Stealth
 + Level 5.3 Unarmed Combat


You had 3 spell levels left.
You didn't know any spells.

Dungeon Overview and Level Annotations

Branches:
Dungeon (2/15)

Altars:
Fedhas
Yredelemnul
The Shining One


Innate Abilities, Weirdness & Mutations

You are too large for most types of armour.
You have claws for hands.
Your metabolism is lightning-fast.
You like to eat raw meat.
Your natural rate of healing is unusually fast.
You are covered in fur. (AC +1)
You have very tough skin. (AC +2)


Message History

The orc priest is almost dead.
The orc hits you but does no damage.
The orc priest invokes the aid of Beogh against you.
Pain shoots through your body!
* * * LOW HITPOINT WARNING * * *
The orc misses you.
You claw the orc priest!
You kill the orc priest!
Your Unarmed Combat skill increases to level 5!
Something hits you but does no damage. The orc closely misses you.
You aren't carrying any potions.
Unknown command.
As you read the scroll labeled TATHICK LAOLIWA, it crumbles to dust.
It is a scroll of identify.
d - a scroll of noise The orc barely misses you.
You hear some strange, mumbled words.
A puff of flame appears from out of thin air!
The puff of flame hits you! You resist.
You die...

#.#.#.########..#
#.#..≈≈≈.#
................#
#.#....≈≈#
.......#######.##
#.#####.## #.###..#
#.# ##.## #.# #.#
#<)# #.# #...# #.##
#.# #..# #.# #...#
#..# #.###..#
..#####...#####.#
.......#
#.##....†...^##.#
######.#
.#@{........##(# ####
#.# #†o........##.#
....##.#
#o###...#####.#
.......# ##.## #.#
#...# #.# .....
%.o...#.###...#####.#
....#
#............†.#
.....
#.#.#############
...># ..###. ....#
o..# ##


You could see 2 orcs.

Vanquished Creatures
  An orc priest (D:2)
  An adder (D:2)
  2 worms (D:2)
  5 dart slugs
  A leopard gecko (D:2)
  An orc (D:2)
  3 giant cockroaches
  5 goblins
  3 hobgoblins
  3 jackals (D:1)
  A quokka (D:2)
  7 bats
  4 frilled lizards (D:2)
  4 kobolds
  4 rats (D:1)
45 creatures vanquished.

Notes
Turn   | Place    | Note
-------+----------+-------------------------------------------
     0 | D:1      | varam the Troll Monk began the quest for the Orb.
     0 | D:1      | Reached XP level 1. HP: 22/22 MP: 0/0
   213 | D:1      | Reached XP level 2. HP: 29/29 MP: 1/1
   412 | D:1      | Reached skill level 4 in Unarmed Combat
   945 | D:2      | Reached XP level 3. HP: 36/36 MP: 2/2
  1013 | D:2      | Found a basalt altar of Yredelemnul.
  1054 | D:2      | Found a glowing golden altar of the Shining One.
  1056 | D:2      | Noticed an angel
  1301 | D:2      | Found a blossoming altar of Fedhas.
  1340 | D:2      | Reached XP level 4. HP: 44/44 MP: 3/3
  1407 | D:2      | Reached skill level 5 in Unarmed Combat
  1408 | D:2      | Killed from afar by an orc wizard

Vault maps used:
D:1:      minmay_arrival_solitary_statue, minmay_misc_feat_room,
          minmay_misc_feat_x, nrook_mini_backslash
D:2:      fedhas_altar_2, grunt_temple_overflow_holy_war, first_ration,
          columned_hall_lemuel, minmay_misc_feat_four_crosses

Skill      XL: |  1  2  3  4 |
---------------+-------------+-----
Unarmed Combat | 4 5 |  5.3
Fighting       | |  2.4
Dodging        | |  2.4
Stealth        | |  1.0

Action                   |  1- 3 |  4- 6 || total
-------------------------+-------+-------++-------
Melee: Unarmed           |   100 |    18 ||   118
       Punch             |     2 |       ||     2
  Use: Potion            |       |     3 ||     3
       Scroll            |       |     1 ||     1
 Stab: Sleeping          |     6 |       ||     6
  Eat: Chunk             |    16 |       ||    16
Armor: Robe              |    35 |     8 ||    43
Dodge: Dodged            |    42 |    14 ||    56

Table legend:
 A = Spawn XP
 B = Non-spawn XP
 C = Spawn XP percentage of total XP
 D = Spawn monster count
 E = Non-spawn monster count
 F = Spawn count percentage of total count
 G = Total turns spent on level
                    A         B        C        D         E        F      G
               +---------+---------+-------+---------+---------+-------+---------
         Total |       0 |     141 |   0.0 |       0 |      45 |   0.0 |  1408
               +---------+---------+-------+---------+---------+-------+---------
           D:1 |       0 |      37 |   0.0 |       0 |      22 |   0.0 |   843
           D:2 |       0 |     104 |   0.0 |       0 |      23 |   0.0 |   565
               +---------+---------+-------+---------+---------+-------+---------
